 Dungeon Crawl Stone Soup version 0.31-a0-18-gea43df2a32 (webtiles) character file.

Game seed: 1415595460494109127

74004 pk666 the Eclecticist (level 15, -5/72 HPs)
             Began as a Deep Elf Hedge Wizard on May 12, 2023.
             Was a High Priest of Vehumet.
             Shot with a bolt by a tengu warrior (28 damage)
             ... on level 12 of the Dungeon.
             The game lasted 01:55:22 (28126 turns).

pk666 the Eclecticist (Deep Elf Hedge Wizard)      Turns: 28126, Time: 01:55:28

Health: -5/72      AC:  6    Str: 10    XL:     15   Next: 5%
Magic:  38/55      EV: 15    Int: 30    God:    Vehumet [*****.]
Gold:   833        SH:  0    Dex:  9    Spells: 10/47 levels left

rFire   . . .        o - staff of conjuration
rCold   . . .        (no shield)
rNeg    . . .        P - +2 robe of Masochism {rPois Str+3 Dex-5 SInv}
rPois   +            Y - +0 hat {Int+3}
rElec   .            (no cloak)
rCorr   .            Z - +0 pair of gloves
SInv    +            R - +0 pair of boots
Will    +....        b - amulet of the acrobat
Stlth   ++           x - ring of magical power
HPRegen 0.32/turn    C - ring of magical power
MPRegen 0.34/turn

%: acrobat
@: studying Necromancy
A: no striking features
a: Renounce Religion


You were on level 12 of the Dungeon.
You worshipped Vehumet.
Vehumet was extremely pleased with you.
You visited 3 branches of the dungeon, and saw 18 of its levels.
You also visited: Ossuary.

You collected 1118 gold pieces.
You spent 285 gold pieces at shops.

Inventory:

Armour
 I - the +7 chain mail "Zonotyd" {rElec}
   (You found it on level 8 of the Dungeon)

   rElec:     It insulates you from electricity.
 K - a +1 robe of resistance
 O - a scarf of shadows
 P - the +2 robe of Masochism (worn) {rPois Str+3 Dex-5 SInv}
   (You took it off a kobold on level 8 of the Dungeon)

   Str:       It affects your strength (+3).
   Dex:       It affects your dexterity (-5).
   rPois:     It protects you from poison.
   SInv:      It lets you see invisible.
 R - a +0 pair of boots (worn)
 Y - a +0 hat of intelligence (worn)
 Z - a +0 pair of gloves (worn)
Magical Staves
 o - a staff of conjuration (weapon)
Jewellery
 a - a +6 ring of strength
 b - an amulet of the acrobat (around neck)
 n - an amulet of guardian spirit
 x - a ring of magical power (left hand)
 C - a ring of magical power (right hand)
 G - a ring of positive energy
 Q - a ring of protection from fire
 T - an amulet of regeneration
Wands
 p - a wand of iceblast (18)
 w - a wand of digging (16)
 y - a wand of flame (37)
 z - a wand of polymorph (15)
 L - a wand of charming (15)
 M - a wand of mindburst (10)
 N - a wand of light (5)
Scrolls
 c - 2 scrolls of torment {unknown}
 e - 7 scrolls of poison
 f - 3 scrolls of brand weapon
 g - 10 scrolls of teleportation
 h - 2 scrolls of enchant weapon {unknown}
 k - 4 scrolls of summoning
 r - 3 scrolls of fear
 u - 3 scrolls of amnesia
 v - a scroll of vulnerability
 F - 4 scrolls of silence
 H - 4 scrolls of blinking
 J - 2 scrolls of magic mapping {unknown}
 S - a scroll of enchant armour {unknown}
 V - a scroll of fog {unknown}
 W - 3 scrolls of noise {unknown}
Potions
 d - 4 potions of magic
 i - 2 potions of might
 j - 4 potions of haste
 l - 6 potions of flight
 m - 5 potions of brilliance
 t - 3 potions of lignification
 A - 9 potions of curing
 B - 2 potions of heal wounds
 D - 4 potions of resistance
Miscellaneous
 U - a lightning rod (4/4)


   Skills:
 + Level 11.1 Dodging
 - Level 2.6 Stealth
 + Level 16.7 Spellcasting
 + Level 15.5 Conjurations
 - Level 1.3 Summonings
 * Level 8.1 Necromancy
 - Level 4.0 Translocations
 + Level 14.6 Fire Magic
 - Level 7.0 Air Magic
 - Level 4.0 Earth Magic
 - Level 5.0 Poison Magic


You had 10 spell levels left.
You knew the following spells:

 Your Spells              Type           Power      Damage    Failure   Level
a - Magic Dart            Conj           100%       1d8       0%          1
b - Blink                 Tloc           98%        N/A       1%          2
c - Mephitic Cloud        Conj/Pois/Air  88%        N/A       1%          3
d - Stone Arrow           Conj/Erth      100%       3d13      1%          3
e - Fireball              Conj/Fire      53%        3d21      1%          5
f - Starburst             Conj/Fire      53%        6d14      1%          6
g - Plasma Beam           Fire/Air       37%        2x1d55    1%          6
h - Orb of Destruction    Conj           54%        9d14      1%          7
i - Dispel Undead         Necr           65%        3d22      1%          4

Your spell library contained the following spells:

 Spells                   Type           Power      Damage    Failure   Level
 Eringya's Noxious Bog    Tmut/Pois      20%        N/A       24%         6
 Foxfire                  Conj/Fire      100%       2x1d9     0%          1
 Shock                    Conj/Air       100%       1d9       0%          1
 Searing Ray              Conj           100%       2d8       0%          2
 Beastly Appendage        Tmut           50%        N/A       1%          1
 Sandblast                Erth           98%        2d20      1%          1
 Slow                     Hex            100%       N/A       1%          1
 Summon Small Mammal      Summ           100%       N/A       1%          1
 Call Imp                 Summ           64%        N/A       1%          2
 Cigotuvi's Dreadful Rot  Necr/Pois/Air  100%       N/A       1%          2
 Lesser Beckoning         Tloc           98%        N/A       1%          2
 Passwall                 Tmut/Erth      30%        N/A       1%          2
 Gell's Gravitas          Tloc           49%        N/A       1%          3
 Ignite Poison            Fire/Tmut/Pois 59%        N/A       1%          3
 Inner Flame              Hex/Fire       62%        N/A       1%          3
 Spider Form              Tmut/Pois      40%        N/A       1%          3
 Swiftness                Air            61%        N/A       1%          3
 Teleport Other           Tloc           49%        N/A       1%          3
 Vampiric Draining        Necr           65%        2d10      1%          3
 Volatile Blastmotes      Fire/Tloc      100%       2d18      1%          3
 Airstrike                Air            30%        2d(5-21)  1%          4
 Flame Wave               Conj/Fire      100%       2d21      1%          4
 Fulminant Prism          Conj/Hex       41%        3d19      1%          4
 Iskenderun's Mystic Bla  Conj/Tloc      90%        2d18      1%          4
 Sticky Flame             Conj/Fire      100%       2d11      1%          4
 Ensorcelled Hibernation  Hex/Ice        50%        N/A       2%          2
 Wereblood                Tmut           25%        N/A       2%          2
 Lee's Rapid Deconstruct  Erth           24%        3d13*     2%          5
 Call Canine Familiar     Summ           32%        N/A       3%          3
 Anguish                  Hex/Necr       24%        N/A       3%          4
 Summon Guardian Golem    Hex/Summ       29%        N/A       4%          3
 Confusing Touch          Hex            25%        N/A       5%          3
 Ignition                 Fire           42%        3d12      8%          8
 Death Channel            Necr           32%        N/A       10%         6
 Yara's Violent Unravell  Hex/Tmut       12%        3d7       13%         5
 Borgnjor's Revivificati  Necr           32%        N/A       99%         8
 Enfeeble                 Hex            12%        N/A       100%        7
 Necromutation            Tmut/Necr      24%        N/A       100%        8
 Death's Door             Necr           32%        N/A       100%        9


Dungeon Overview and Level Annotations

Branches:
Dungeon (12/15)            Temple (1/1) D:6            Lair (5/5) D:9
  Swamp (0/4) Lair:3       Spider (0/4) Lair:2        Slime (0/5) Lair:5
    Orc (0/2) D:12        Ossuary (visited)

Altars:
Ashenzari
Cheibriados
Dithmenos
Elyvilon
Fedhas
Gozag
Hepliaklqana
Kikubaaqudgha
Makhleb
Nemelex Xobeh
Okawaru
Qazlal
Ru
Sif Muna
Trog
Uskayaw
Vehumet
Wu Jian
Xom
Yredelemnul
Zin
The Shining One
Jiyva

Shops:
D:4 :?[   D:5 *[*!   D:6 (   D:7 :

Annotations:
D:3 Ijyb
D:5 1 runed translucent door, mandick's ghost, novice OpVM
D:7 1 exclusion
Lair:4 2 transporters, funkygono's ghost, journeyman MiFi
Lair:5 2 runed translucent doors


Message History

Aiming: Fireball (safe; 1% risk of failure)
Press: ? - help, Shift-Dir - straight line, f/p - yak
Aim: a yak (noxious fumes, almost dead, confused)
You feel a surge of power!
The fireball explodes!
The fireball engulfs the yak!!
You kill the yak!
Vehumet accepts your kill.
The fireball engulfs the tengu warrior!!
The tengu warrior is moderately wounded.
The yak is engulfed in noxious fumes.
The yak appears confused.
The yak barely misses the tengu warrior.
The tengu warrior shoots a bolt.
The bolt hits you!!
Casting: Fireball (safe; 1% risk of failure)
Confirm with . or Enter, or press ? or * to list all spells.
Casting: Plasma Beam (dangerous; 1% risk of failure)
Press: ? - help, Dir - look around, f - activate Look: a tengu warrior, wielding a +0 arbalest and wearing a +0 ring mail (moderately wounded, 2x40% to hit)
The bolt of lightning hits the yak!!
You kill the yak!
Vehumet accepts your kill.
You feel your power returning.
The bolt of lightning hits the yak.
The yak is lightly wounded.
The fiery plasma hits the yak.
The yak is moderately wounded.
The tengu warrior shoots a bolt.
The bolt hits you!!
The tengu warrior shoots a bolt.
The bolt hits you!
* * * LOW HITPOINT WARNING * * *
Things that are here:
a +0 troll leather armour; a troll corpse The walls and floor vibrate strangely for a moment.
Casting: Plasma Beam (dangerous; 1% risk of failure)
Confirm with . or Enter, or press ? or * to list all spells.
Aiming: Mephitic Cloud (safe; 1% risk of failure)
Press: ? - help, Shift-Dir - straight line, p - tengu warrior You feel a surge of power!
The ball explodes into a vile cloud!
The stinking cloud engulfs the tengu warrior but does no damage.
The tengu warrior is moderately wounded.
The tengu warrior is engulfed in noxious fumes.
The tengu warrior shoots a bolt.
The bolt hits you!!
You die...

#.## .... ##.### #####
... ##..# ##Q).## ..##
##.# ##§§[..## ...# #.#
#.☼§##..##...## #.#
#..#####†Q....## #.#
#..# ##.Y....# #.## ##.#
#...##..# ##### #..##
#@.# ##...#
##...####...####..#
#...##..
#.........)....<..##
##.....
#...##....#####....#####
>.... #..####...#
##........ .Q.. ..##
##..## #..###### ... ..#
##..## #.## .. ###
###.## #..## ### #.
##.###...####.## ##.


You could see a tengu warrior.

Vanquished Creatures
  Gastronok (Lair:2)
  A ghost crab (Lair:3)
  2 catoblepae (Lair:2)
  2 boulder beetles
  5 hydras
  6 two-headed ogres (D:11)
  20 death yaks
  Amaemon (D:11)
  A spectral death yak (Lair:3)
  Nergalle (Lair:1)
  A fire crab (Lair:5)
  2 spectral hydras (Lair:3)
  4 oklob plants (Lair:2)
  3 manticores (D:11)
  21 elephants
  2 rust devils (D:6)
  4 black mambas
  2 molten gargoyles (Lair:5)
  An orange demon (D:11)
  12 cane toads
  2 gargoyles
  4 kobold demonologists (D:10)
  2 rime drakes
  13 komodo dragons
  5 polar bears
  3 trolls
  Prince Ribbit (D:8)
  15 blink frogs
  Grinder (D:4)
  12 dream sheep
  A slime creature (D:7)
  A vampire (D:9)
  3 shadows
  2 spriggans
  7 wyverns
  4 wraiths
  4 basilisks
  47 yaks
  3 steam dragons
  2 wargs (D:9)
  13 water moccasins
  4 acid dragons
  4 hell hounds (Lair:5)
  3 black bears
  4 orc warriors
  3 ice beasts
  3 sky beasts
  An ogre (D:7)
  4 boggarts (Lair:4)
  11 wolves
  6 centaurs
  A phantom (D:5)
  3 kobold brigands
  13 bullfrogs
  A gnoll sergeant (D:6)
  4 scorpions
  12 wights
  5 killer bees (D:7)
  5 howler monkeys
  6 electric eels (D:6)
  A human zombie (Ossuary)
  5 lava snakes (Lair:5)
  2 crimson imps
  A centaur zombie (Ossuary)
  17 jellies
  8 orc priests
  4 hounds
  2 gnoll boudas (D:9)
  A sleepcap (D:6)
  An iguana (D:4)
  9 orc wizards
  11 hell rats
  2 mummies (Ossuary)
  19 gnolls
  6 adders
  4 white imps
  An ufetubus (D:7)
  An adder zombie (Ossuary)
  2 worms
  41 orcs
  3 bats
  6 endoplasms
  5 giant cockroaches
  5 hobgoblins
  7 jackals
  17 kobolds
  4 quokkas
  4 ball pythons
  11 frilled lizards
  4 goblins
  3 goblin zombies (Ossuary)
  13 hobgoblin zombies (Ossuary)
  A jackal zombie (Ossuary)
  8 kobold zombies (Ossuary)
  7 orc zombies (Ossuary)
  A quokka zombie (D:6)
  8 rats
  2 rat zombies
577 creatures vanquished.

Notes
Turn   | Place    | Note
-------+----------+-------------------------------------------
     0 | D:1      | pk666 the Deep Elf Hedge Wizard began the quest for the
                  | Orb.
     0 | D:1      | Reached XP level 1. HP: 10/10 MP: 7/7
   307 | D:1      | Reached XP level 2. HP: 14/15 MP: 4/9
  1171 | D:2      | Learned a level 2 spell: Blink
  1810 | D:2      | Reached XP level 3. HP: 19/19 MP: 8/11
  1814 | D:2      | Learned a level 3 spell: Mephitic Cloud
  1961 | D:2      | Found an opulent altar of Gozag.
  2411 | D:3      | Noticed Ijyb
  2898 | D:3      | Identified the +6 sling of Disembowelment {freeze, rCorr
                  | Str+3 Int-2 SInv}
  3390 | D:3      | Reached XP level 4. HP: 24/24 MP: 9/12
  3663 | D:4      | Reached skill level 1 in Poison Magic
  3746 | D:4      | Reached skill level 5 in Spellcasting
  3746 | D:4      | Reached skill level 1 in Air Magic
  3813 | D:4      | Found Plog's Armour Emporium.
  3886 | D:4      | Reached XP level 5. HP: 17/28 MP: 5/14
  4066 | D:4      | Found Zeboissebe's Magic Scroll Shoppe.
  4111 | D:4      | Bought a scroll of fear for 44 gold pieces
  4111 | D:4      | Bought a scroll of poison for 44 gold pieces
  4111 | D:4      | Bought a scroll of identify for 22 gold pieces
  4111 | D:4      | Bought a scroll of amnesia for 44 gold pieces
  4111 | D:4      | Bought a scroll of vulnerability for 44 gold pieces
  4461 | D:4      | Reached XP level 6. HP: 29/32 MP: 4/16
  4664 | D:4      | Found an ancient bone altar of Kikubaaqudgha.
  4703 | D:4      | Found Cenwyrev's Book Emporium.
  4737 | D:4      | Noticed Grinder
  4750 | D:4      | Killed Grinder
  4751 | D:4      | Reached XP level 7. HP: 36/36 MP: 8/17
  5153 | D:5      | Entered Level 5 of the Dungeon
  5187 | D:5      | Learned a level 3 spell: Stone Arrow
  5223 | D:5      | Found a runed translucent door.
  5227 | D:5      | Noticed mandick's ghost (novice OpVM)
  5391 | D:5      | Reached skill level 1 in Earth Magic
  5736 | D:5      | Found Etrom's General Store.
  5747 | D:5      | Bought a potion of curing for 42 gold pieces
  5840 | D:5      | Reached skill level 6 in Spellcasting
  6166 | D:5      | Found a glowing silver altar of Zin.
  6228 | D:5      | Found Xeubis's Assorted Antiques.
  6419 | D:5      | Found Baebeat's Antique Armour Shoppe.
  6431 | D:5      | Found a transporter.
  6436 | D:5      | Found Cequnyets's Distillery.
  6544 | D:5      | Found a transporter.
  7001 | D:5      | Bought a potion of flight for 45 gold pieces
  7069 | D:6      | Found a sand-covered staircase.
  7182 | Ossuary  | Entered an ossuary
  7758 | Ossuary  | Reached XP level 8. HP: 41/41 MP: 16/19
  8075 | D:6      | Reached skill level 5 in Poison Magic
  8082 | D:5      | Noticed a rust devil
  8082 | D:5      | Noticed a rust devil
  8304 | D:6      | Found a staircase to the Ecumenical Temple.
  8321 | Temple   | Entered the Ecumenical Temple
  8366 | Temple   | Became a worshipper of Vehumet
  8629 | D:6      | Reached skill level 7 in Spellcasting
  8691 | D:6      | Reached skill level 1 in Fire Magic
  8735 | D:6      | Found Uniss's Antique Weapon Boutique.
  9100 | D:6      | Reached skill level 5 in Conjurations
  9510 | D:7      | Reached skill level 8 in Spellcasting
  9694 | D:7      | Found Rummui's Book Shop.
  9719 | D:7      | Reached XP level 9. HP: 45/45 MP: 23/23
 10166 | D:7      | Reached * piety under Vehumet
 10166 | D:7      | Offered knowledge of Foxfire by Vehumet.
 10167 | D:7      | Reached skill level 9 in Spellcasting
 10178 | D:7      | Noticed a cyclops
 10403 | D:7      | Found a hide-covered altar of Uskayaw.
 10625 | D:7      | Reached skill level 5 in Fire Magic
 10650 | D:7      | Noticed a two-headed ogre
 10890 | D:6      | Noticed a boulder beetle
 10904 | D:6      | Killed a boulder beetle
 10905 | D:6      | Reached skill level 5 in Dodging
 11341 | D:6      | Reached XP level 10. HP: 50/50 MP: 25/25
 11602 | D:6      | Killed a rust devil
 11603 | D:6      | Reached skill level 10 in Spellcasting
 11628 | D:6      | Killed a rust devil
 11976 | D:8      | Identified the +7 chain mail "Zonotyd" {rElec}
 12003 | D:8      | Noticed Prince Ribbit
 12018 | D:8      | Killed Prince Ribbit
 12183 | D:8      | Found a burning altar of Makhleb.
 12486 | D:8      | Identified the +2 robe of Masochism {rPois Str+3 Dex-5
                  | SInv}
 12842 | D:8      | Offered knowledge of Momentum Strike by Vehumet.
 12934 | D:8      | Learned a level 5 spell: Fireball
 13480 | D:9      | Reached ** piety under Vehumet
 13875 | D:9      | Found a stormy altar of Qazlal.
 13875 | D:9      | Found an ornate altar of the Wu Jian Council.
 13943 | D:9      | Reached skill level 11 in Spellcasting
 14089 | D:9      | Found a staircase to the Lair.
 14367 | Lair:1   | Entered Level 1 of the Lair of Beasts
 14468 | D:9      | Reached XP level 11. HP: 54/54 MP: 26/28
 14853 | Lair:1   | Offered knowledge of Hailstorm by Vehumet.
 14971 | Lair:1   | Noticed a death yak
 14972 | Lair:1   | Noticed a death yak
 14975 | Lair:1   | Noticed a death yak
 14977 | Lair:1   | Noticed a death yak
 14982 | Lair:1   | Killed a death yak
 14982 | Lair:1   | Killed a death yak
 14983 | Lair:1   | Reached skill level 12 in Spellcasting
 14985 | Lair:1   | Killed a death yak
 15073 | Lair:1   | Killed a death yak
 15224 | Lair:1   | Noticed an eight-headed hydra
 15227 | Lair:1   | Killed an eight-headed hydra
 15228 | Lair:1   | Reached skill level 10 in Fire Magic
 15228 | Lair:1   | Noticed Nergalle
 15269 | Lair:1   | Killed Nergalle
 15270 | Lair:1   | Reached skill level 10 in Conjurations
 15381 | Lair:1   | Learned a level 6 spell: Starburst
 16104 | Lair:1   | Reached XP level 12. HP: 59/59 MP: 30/30
 16107 | Lair:1   | Reached *** piety under Vehumet
 16108 | Lair:1   | Reached skill level 13 in Spellcasting
 16357 | Lair:2   | Noticed a catoblepas
 16361 | Lair:2   | Killed a catoblepas
 16371 | Lair:2   | Noticed Gastronok
 16538 | Lair:2   | Noticed a catoblepas
 16630 | Lair:2   | Killed a catoblepas
 16742 | Lair:2   | Found a hole to the Spider Nest.
 16824 | Lair:2   | Killed Gastronok
 16824 | Lair:2   | Offered knowledge of Airstrike by Vehumet.
 17339 | Lair:2   | Learned a level 6 spell: Plasma Beam
 18065 | Lair:2   | Reached skill level 14 in Spellcasting
 18241 | Lair:3   | Reached skill level 5 in Air Magic
 18242 | Lair:3   | Reached **** piety under Vehumet
 18358 | Lair:3   | Noticed a four-headed hydra
 18361 | Lair:3   | Killed a four-headed hydra
 18361 | Lair:3   | Offered knowledge of Iskenderun's Battlesphere by Vehumet.
 18552 | Lair:3   | Reached XP level 13. HP: 63/63 MP: 33/33
 19896 | Lair:3   | Found a staircase to the Swamp.
 19973 | Lair:4   | Reached skill level 15 in Spellcasting
 20285 | Lair:3   | Reached ***** piety under Vehumet
 20285 | Lair:3   | Offered knowledge of Orb of Destruction by Vehumet.
 20373 | Lair:3   | Learned a level 7 spell: Orb of Destruction
 20386 | Lair:4   | Identified the +3 robe of the Tundras {rC+ rCorr Slay+2}
 20602 | Lair:4   | Found a transporter.
 20605 | Lair:4   | Noticed funkygono's ghost (journeyman MiFi)
 20811 | Lair:4   | Found a transporter.
 21554 | Lair:5   | Entered Level 5 of the Lair of Beasts
 21561 | Lair:5   | Reached XP level 14. HP: 68/68 MP: 33/35
 22371 | Lair:5   | Offered knowledge of Irradiate by Vehumet.
 22472 | Lair:5   | Reached skill level 10 in Dodging
 22606 | Lair:5   | Reached skill level 1 in Necromancy
 22763 | Lair:5   | Reached skill level 16 in Spellcasting
 23187 | Lair:5   | Reached skill level 15 in Conjurations
 24113 | Lair:5   | Found a staircase to the Slime Pits.
 24113 | Lair:5   | Found a viscous altar of Jiyva.
 24274 | Lair:5   | Found a large runed translucent door.
 24383 | Lair:5   | Found a large runed translucent door.
 24938 | D:10     | Entered Level 10 of the Dungeon
 24944 | D:10     | Learned a level 4 spell: Dispel Undead
 25164 | D:10     | Found a basalt altar of Yredelemnul.
 25230 | D:10     | Reached skill level 5 in Necromancy
 26432 | D:11     | Noticed Amaemon
 26436 | D:11     | Killed Amaemon
 26712 | D:11     | Offered knowledge of Eringya's Noxious Bog by Vehumet.
 27205 | D:11     | Reached XP level 15. HP: 72/72 MP: 35/37
 27764 | D:12     | Found a staircase to the Orcish Mines.
 28126 | D:12     | Shot with a bolt by a tengu warrior

Illustrated notes

Levels and vault maps discovered:
D:1:      spicycebolla_arrival_ecumenical, layout_basic,
          chequers_serial_rivers_micro_e, roderic_roman_lattice,
          minmay_misc_feat_more_columns
D:2:      layout_loops_corners, basic_altar, minmay_lizard_pond
D:3:      minmay_inner_zag, layout_loops_ring, uniq_ijyb
D:4:      layout_basic, mainiacjoe_overflow_small_starburst, serial_shops,
          nicolae_shop_advertising_works [nicolae_subvault_shop_adworks], shop,
          shop, uniq_grinder
D:5:      cheibrodos_iron_armory, layout_loops_ring, zin_statuary,
          ebering_ghost_sewer_d, serial_shops, nicolae_shop_drivethru,
          nicolae_shop_overgrown_old_shop, nicolae_shop_waterfront,
          nicolae_shop_behind_doors, corner_web_ring
D:6:      cheibrodos_two_vegetables, layout_loops_corners,
          minmay_temple_entry_purple_smoke, serial_shops, shop, enter_ossuary_4,
          minmay_fire_ice_demons
D:7:      minmay_the_grid_octo_tiled_squarecenter [minmay_the_grid_octo_teeth,
          minmay_the_grid_octo_odd_swirl, minmay_the_grid_octo_thin_diamonds,
          minmay_the_grid_octo_fan_narrow,
          minmay_the_grid_square_5x5_megaprize_crossed,
          minmay_the_grid_square_5x5_minimal, minmay_the_grid_square_5x5_v,
          minmay_the_grid_square_5x5_three,
          minmay_the_grid_square_5x5_two_walls_a], layout_loops_ring,
          lemuel_crystal_altar, serial_shops, shop
D:8:      layout_cave_pods, makhleb_grotto_becter, uniq_prince_ribbit1
D:9:      layout_basic, mainiacjoe_overflow_catwalk_spiral,
          erik_lair_orcish_takeover, the_hattery
D:10:     layout_layer_cave, mainiacjoe_overflow_surrounded_room
D:11:     layout_long_grid, minmay_joined_circles, uniq_amaemon
D:12:     layout_layer_cave, orc_0_dummy, gauntlet_entry_generic,
          nicolae_figureground_sparkle
Temple:   hellmonk_temple_of_storms
Lair:1:   layout_loops_ring, grunt_megastairs_1, uniq_nergalle
Lair:2:   minmay_lair_oklob_tunnel, layout_chaotic_city,
          spider_nest_entry_web_field, chequers_serial_rivers_large_a,
          uniq_gastronok
Lair:3:   layout_roguey, nicolae_swamp_entry_spooky,
          grunt_forest_stairs_clearing
Lair:4:   layout_hall_layers, nzn_ghost_randoct, kilobyte_rumbling_trees
Lair:5:   cheibrodos_lair_end_hotspot, layout_gridlike,
          minmay_slime_entry_jelly_boxes

Skill      XL: |  1  2  3  4  5  6  7  8  9 10 11 12 13 14 15 |
---------------+----------------------------------------------+-----
Translocations | 2 3 4 |  4.0
Conjurations   | 2 3 5 7 8 10 12 13 15 | 15.5
Poison Magic   | 1 2 3 4 5 |  5.0
Spellcasting   | 5 6 8 9 11 12 14 15 16 | 16.7
Air Magic      | 1 2 3 4 5 7 |  7.0
Earth Magic    | 2 4 |  4.0
Fire Magic     | 3 5 7 10 12 13 14 | 14.6
Dodging        | 5 7 8 9 11 | 11.1
Necromancy     | 7 8 |  8.1
Stealth        | |  2.6
Summonings     | |  1.3

Action                     |  1- 3 |  4- 6 |  7- 9 | 10-12 | 13-15 || total
---------------------------+-------+-------+-------+-------+-------++-------
  Melee: Dagger            |     5 |       |       |       |       ||     5
         Staff             |       |     1 |     2 |       |       ||     3
   Cast: Magic Dart        |   134 |    90 |   245 |    85 |     7 ||   561
         Mephitic Cloud    |     1 |     4 |    15 |    17 |    10 ||    47
         Stone Arrow       |       |       |   102 |   112 |     7 ||   221
         Fireball          |       |       |       |   136 |   152 ||   288
         Blink             |       |       |       |    11 |     2 ||    13
         Plasma Beam       |       |       |       |     4 |   140 ||   144
         Starburst         |       |       |       |       |     5 ||     5
         Orb of Destructio |       |       |       |       |    21 ||    21
  Evoke: Wand              |       |       |    10 |     1 |       ||    11
    Use: Scroll            |       |     4 |     2 |     1 |     9 ||    16
 Armour: Robe              |    14 |     3 |    21 |     6 |     2 ||    46
  Dodge: Dodged            |    46 |    13 |    57 |    34 |    40 ||   190

Table legend: (Time is in decaauts)
 A = Elapsed time spent in this place.
 B = Non-inter-level travel time spent in this place.
 C = Inter-level travel time spent in this place.
 D = Time resting spent in this place.
 E = Time spent auto-exploring this place.
 F = Levels seen in this place.
 G = Mean time per level.
                   A        B        C        D        E       F      G
               +--------+--------+--------+--------+--------+-----+--------+
         Total |  28174 |  26599 |   1575 |   9451 |  13613 |  19 | 1482.8 |
       Dungeon |  17079 |  16192 |    887 |   4600 |   9450 |  12 | 1423.2 |
        Temple |     81 |     72 |      9 |      0 |     54 |   1 |   81.0 |
          Lair |  10342 |   9663 |    679 |   4594 |   3855 |   5 | 2068.4 |
       Ossuary |    670 |    670 |      0 |    257 |    254 |   1 |  670.0 |
               +--------+--------+--------+--------+--------+-----+--------+

Top non-repeatable levels by time:
  Lair:5: 2819 daAuts
     D:6: 2637 daAuts
  Lair:1: 1995 daAuts
  Lair:3: 1966 daAuts
     D:5: 1882 daAuts
  Lair:2: 1827 daAuts
  Lair:4: 1732 daAuts
     D:4: 1692 daAuts
     D:8: 1548 daAuts
    D:10: 1460 daAuts
    D:11: 1360 daAuts
     D:7: 1322 daAuts
     D:2: 1224 daAuts
     D:9: 1223 daAuts
     D:1: 1216 daAuts
